Map: Berlingrad LE

Players

Drooler

  • Race: Terran Terran
  • League: Gold
  • Spawn Location: 5:00

Warthog - Winner!

  • Race: Terran Terran
  • League: Silver
  • Spawn Location: 11:00

VOD

Have the link to the VOD?

Description

Time

  • Played on: Oct. 19, 2021, 7:57 p.m.
  • Length: 9:06
Show
View Real Time Build Order
Export as new Build Order

Drooler Terran 

Build Orders: 1/1/1 

Get SALT Encoding   

  12  0:02  SCV  
  13  0:14  SCV  
  14  0:26  SCV  
  14  0:27  Supply Depot  
  15  0:29  Refinery  
  15  0:46  Refinery  
  15  0:51  Barracks  
  15  0:55  SCV  
  16  1:02  Supply Depot  
  16  1:07  SCV  
  17  1:19  SCV  
  18  1:31  SCV  
  19  1:38  Factory  
  19  1:43  SCV  
  19  1:45  Marine  
  21  1:55  SCV  
  21  1:58  Bunker  
  22  2:03  Marine  
  22  2:07  SCV  
  24  2:22  SCV  
  25  2:27  Starport  
  25  2:32  Marine  
  26  2:50  Marine  
  27  3:09  Orbital Command  
  27  3:10  Fusion Core  
  27  3:14  Starport Tech Lab  
  27  3:26  Command Center  
  27  3:58  Weapon Refit  
  27  4:03  Supply Depot  
  27  4:10  Supply Depot  
  27  4:25  Battlecruiser  
  33  4:54  Bunker  
  33  4:59  SCV  
  34  5:11  SCV  
  34  5:14  Orbital Command  
  35  5:23  SCV  
  35  5:25  Bunker  
  35  5:26  Marine  
  37  5:29  Battlecruiser  
  43  5:35  SCV  
  44  5:43  Armory, Marine  
  44  5:45  Armory  
  44  5:47  SCV  
  46  5:59  Refinery  
  46  6:01  Refinery, Marine  
  46  6:03  SCV x2  
  49  6:15  SCV  
  49  6:16  SCV  
  51  6:19  Marine  
  52  6:28  SCV x2  
  54  6:40  SCV x2  
  56  6:47  Factory Tech Lab  
  56  6:49  Marine  
  56  6:52  SCV x2  
  59  7:04  SCV x2  
  59  7:07  Marine  
  62  7:14  Supply Depot  
  62  7:15  Supply Depot  
  62  7:16  Supply Depot x2  
  62  7:17  Supply Depot  
  62  7:19  Supply Depot  
  62  7:36  SCV x2, Siege Tank  
  67  7:37  Battlecruiser  
  67  7:39  Supply Depot  
  67  7:40  Supply Depot  
  67  7:41  Supply Depot  
  67  7:43  Supply Depot  
  73  8:08  Siege Tank  
Show
View Real Time Build Order
Export as new Build Order

Warthog Terran - Winner!

Build Orders:  

Get SALT Encoding   

  12  0:00  SCV  
  13  0:12  SCV  
  14  0:17  Supply Depot  
  14  0:25  SCV  
  15  0:39  SCV  
  15  0:40  Barracks  
  16  0:45  Refinery  
  16  0:51  SCV  
  17  1:04  SCV  
  18  1:16  SCV  
  19  1:28  Barracks Reactor, Orbital Command  
  19  1:43  Command Center  
  19  1:56  SCV  
  19  1:59  Supply Depot  
  20  2:04  Marine x2  
  22  2:08  SCV  
  23  2:21  SCV, Marine x2  
  26  2:33  SCV  
  26  2:35  Barracks  
  26  2:36  Barracks  
  27  2:44  Marine x2  
  27  2:46  SCV  
  27  2:50  Refinery  
  30  2:55  Orbital Command  
  30  3:00  SCV  
  31  3:09  Marine x2  
  34  3:12  SCV  
  34  3:24  SCV, Barracks Tech Lab x2  
  35  3:27  SCV  
  35  3:30  Marine x2  
  38  3:37  SCV  
  38  3:39  SCV  
  40  3:42  Supply Depot  
  40  3:44  Factory  
  40  3:47  Combat Shield  
  40  3:48  Stimpack  
  40  3:49  SCV  
  40  3:50  Marine  
  40  3:51  Marine  
  43  3:57  SCV  
  43  4:00  Marine  
  43  4:01  SCV  
  46  4:08  Bunker, Marine x2  
  46  4:09  SCV, Marine  
  50  4:13  SCV  
  50  4:14  Supply Depot  
  51  4:19  Supply Depot  
  51  4:35  Marine  
  51  4:36  Marine  
  53  4:41  Marauder x2  
  53  4:43  SCV x2  
  59  4:51  Supply Depot  
  59  4:53  Marine  
  59  4:54  Supply Depot, Marine  
  59  4:55  SCV x2  
  59  4:58  Starport  
  63  5:00  Factory Reactor  
  63  5:02  Marine  
  64  5:07  SCV x2  
  64  5:08  Engineering Bay  
  64  5:12  Concussive Shells  
  66  5:19  SCV, Marauder, Marine x2  
  66  5:20  SCV, Marauder  
  74  5:27  Refinery  
  74  5:28  Refinery  
  74  5:32  SCV x2  
  76  5:37  Marine  
  77  5:50  Medivac x2, Terran Infantry Weapons Level 1  
  77  5:51  Barracks  
  77  5:52  Barracks  
  77  5:54  Factory Tech Lab  
  85  5:57  Marauder x2, Marine x2  
  85  6:02  Supply Depot  
  86  6:04  Supply Depot  
  86  6:21  Marine  
  86  6:23  Medivac  
  86  6:25  Supply Depot  
  87  6:26  Supply Depot  
  87  6:49  Marine x2  
  87  6:51  Medivac  
  87  6:53  Medivac  
  95  6:55  Marine x2  
  95  6:58  Supply Depot  
  95  7:00  Supply Depot  
  95  7:03  SCV x2  
  95  7:06  Marine  
  95  7:08  Barracks Reactor x2  
  98  7:12  Marine x2  
  100  7:15  SCV  
  101  7:29  Marine x2  
  103  7:30  Marine x2  
  103  7:35  Armory  
  108  7:37  Cyclone  
  108  7:40  Viking x2  
  112  7:44  Marine  
  112  7:45  Marine x3  
  112  7:47  Marine x2  
  112  7:48  Marine x2  
  120  8:02  Marine  
  120  8:05  Marine x2  
  118  8:16  Marine x2  
  120  8:22  Marauder, Marine x3  
  116  8:36  Marine x4  
  116  8:40  Marine x3  
  119  8:43  Marine  
Tags
 
Add a new tag
Caveats
  • Supply blocks, unpowered buildings, or Contaminate may cause inaccurate times.
  • Supply counts are checked every 10 seconds.